 Dungeon Crawl Stone Soup version 0.28-a0-537-g3bccd9ccbf (webtiles) character file.

Game seed: 5900864267108043170

914 sanka the Skirmisher (level 7, -8/63 HPs)
             Began as a Palentonga Fighter on Sept 27, 2021.
             Was a Follower of Okawaru.
             Engulfed by a steam dragon's steam (9 damage)
             ... on level 9 of the Dungeon.
             The game lasted 00:09:10 (3939 turns).

sanka the Skirmisher (Palentonga Fighter)           Turns: 3939, Time: 00:09:11

Health: -8/63      AC:  7    Str: 19    XL:     7   Next: 82%
Magic:  9/9        EV:  9    Int:  8    God:    Okawaru [*.....]
Gold:   170        SH:  4    Dex: 12    Spells: 6/6 levels left

rFire   . . .      SeeInvis +   a - +0 war axe
rCold   + + .      Faith    .   c - +0 buckler
rNeg    . . .      Spirit   .   E - +2 leather armour {rC+}
rPois   .          Reflect  .   (no helmet)
rElec   .          Harm     .   (no cloak)
rCorr   .          Rampage  .   u - +0 pair of gloves
Will    .....                   (no barding)
Stlth   +.........              p - amulet of regeneration
HPRegen 1.20/turn               m - ring of protection from cold
MPRegen 0.11/turn               h - ring of wizardry

@: studying Dodging
A: large, rugged brown scales 3, see invisible, deformed body, roll 1, armoured
tail, reflexive curl
a: Rolling Charge, Renounce Religion, Heroism


You were on level 9 of the Dungeon.
You worshipped Okawaru.
Okawaru was aware of your devotion.
You visited 2 branches of the dungeon, and saw 8 of its levels.

You collected 300 gold pieces.
You spent 130 gold pieces at shops.


Innate Abilities, Weirdness & Mutations

You are completely covered in rugged brown scales. (AC +3, +7% HP)
You have supernaturally acute eyesight. (SInv)
Armour fits poorly on your strangely shaped body.
You can roll at nearby foes to attack.
You have a long armoured tail.
You curl defensively after being hit.


   Skills:
 - Level 6.6 Fighting
 - Level 6.2 Axes
 - Level 2.4 Armour
 - Level 2.4 Shields
 + Level 3.1 Invocations


You had 6 spell levels left.
You didn't know any spells.
Your spell library contained the following spells:

 Spells                   Type           Power      Damage    Failure   Level
 Corpse Rot               Necr/Air       N/A        N/A       30%         2
 Ensorcelled Hibernation  Hex/Ice        0%         N/A       30%         2
 Poisonous Vapours        Pois/Air       0%         N/A       30%         2
 Slow                     Hex            0%         N/A       30%         2
 Static Discharge         Conj/Air       0%         N/A       30%         2
 Confusing Touch          Hex            0%         N/A       50%         3
 Vampiric Draining        Necr           0%         2d6       50%         3
 Dispel Undead            Necr           0%         3d6       87%         4
 Sticky Flame             Conj/Fire      0%         2d3       87%         4
 Tukima's Dance           Hex            Unusable   N/A       N/A         3

Inventory:

Hand Weapons
 a - a +0 war axe (weapon)
 y - a +1 dagger of venom
Missiles
 e - 26 poisoned darts
 q - a throwing net {=f}
Armour
 c - a +0 buckler (worn)
 u - a +0 pair of gloves (worn)
 E - a +2 leather armour of cold resistance (worn)
Magical Staves
 s - a staff of cold
Jewellery
 h - a ring of wizardry (right hand)
 m - a ring of protection from cold (left hand)
 o - an amulet of guardian spirit
 p - an amulet of regeneration (around neck)
 w - a ring of ice
Wands
 t - a wand of charming (8)
 v - a wand of mindburst (13)
 x - a wand of flame (16)
Scrolls
 f - a scroll of blinking
 i - a scroll of vulnerability {!r}
 j - a scroll of fear
 k - 2 scrolls of enchant weapon
 l - a scroll of torment {!r}
 n - a scroll of noise {!r}
 r - a scroll of amnesia
 A - a scroll of magic mapping
Potions
 b - a potion of flight {unknown}
 d - 3 potions of might
 g - a potion of haste {unknown}
 B - a potion of mutation {unknown}
 C - a potion of heal wounds {unknown}
 D - a potion of ambrosia {unknown}

Dungeon Overview and Level Annotations

Branches:
Dungeon (6/15)             Temple (1/1) D:4

Altars:
Ashenzari
Cheibriados
Dithmenos
Elyvilon
Fedhas
Gozag
Hepliaklqana
Kikubaaqudgha
Makhleb
Nemelex Xobeh
Okawaru
Qazlal
Ru
Sif Muna
Trog
Uskayaw
Vehumet
Wu Jian
Xom
Yredelemnul
Zin
The Shining One

Shops:
D:1 *

Annotations:
D:5 1 runed translucent door, Crazy Yiuf

▒.▒ ▒.▒ ▒.▒ ▒.▒ ..▒▒▒▒
▒.▒ ▒....▒▒▒Z▒▒▒▒▒▒▒▒▒▒
+........D..###.▒.▒.▒
▒....▒.▒.▒▒▒▒▒##..▒.▒
+.. ▒.▒.▒ ▒H#▒.▒.▒ ▒..
▒o▒.▒ ▒..▒.▒.▒ ▒.▒
▒D▒.▒ ▒..▒.▒.▒ ▒.▒
▒.▒.▒ ▒..▒.▒.▒ .
▒.▒▒▒▒.▒.▒▒▒▒▒..▒.▒.▒
..▒..D...▒..(.........▒
.......▒▒▒ ▒▒▒▒▒▒▒.▒▒▒
...▒...▒ ▒.....▒
...▒...▒▒▒▒▒▒▒▒.▒▒▒▒▒▒


There were no monsters in sight!


Message History

You hit the orc warrior.
The orc warrior is severely wounded.
The orc warrior closely misses you.
You closely miss the orc warrior.
The orc warrior is severely wounded.
A steam dragon comes into view.
You block the orc warrior's attack.
Your leather armour prevents you from hitting the orc warrior.
The orc warrior is severely wounded.
The orc warrior closely misses you.
You hit the orc warrior but do no damage.
Your tail-slap misses the orc warrior.
The orc warrior is severely wounded.
The orc warrior hits you with a +0 scimitar!!
* * * LOW HITPOINT WARNING * * *
The orc warrior hits you but does no damage.
A howler monkey zombie comes into view.
The orc warrior throws a silver boomerang.
The silver boomerang closely misses you.
The orc warrior throws a silver boomerang.
The silver boomerang misses you.
The orc warrior throws a silver boomerang.
The silver boomerang hits you!
* * * LOW HITPOINT WARNING * * *
* * * LOW HITPOINT WARNING * * *
The steam dragon breathes steam at you. The ball of steam hits you!!
* * * LOW HITPOINT WARNING * * *
You are engulfed in a cloud of scalding steam.
You die...

Action                   |  1- 3 |  4- 6 |  7- 9 || total
-------------------------+-------+-------+-------++-------
Melee: War axe           |    94 |   115 |    70 ||   279
       Tailslap          |     5 |    17 |     8 ||    30
 Abil: Rolling Charge    |     7 |    15 |     2 ||    24
  Use: Scroll            |       |     5 |     3 ||     8
Armor: Scale mail        |    49 |    43 |    16 ||   108
       Leather armour    |       |       |    12 ||    12
Dodge: Dodged            |    37 |    48 |    21 ||   106
Block: Buckler           |    25 |    22 |    16 ||    63

Levels and vault maps discovered:
D:1:      ncdulo_halloftheorcs, layout_basic, serial_shops, nicolae_square_shop,
          minivault_23, minmay_quantized
D:2:      layout_rooms
D:3:      layout_basic, basic_ecumenical_altar, grunt_decor_junction,
          uniq_natasha, uniq_ijyb
D:4:      layout_gridville, minmay_temple_entry_trees
D:5:      layout_basic, serial_park_tiny_pond, uniq_crazy_yiuf_cottage
D:6:      minmay_clustersquares, layout_rooms, nicolae_vehumet_radiance,
          hangedman_decor_opposing
D:9:      cheibrodos_fzero, layout_basic, gammafunk_ghost_grave, serial_shops,
          nicolae_stop_n_shop_2
Temple:   dpeg_three_leaves_temple

Notes
Turn   | Place    | Note
-------+----------+-------------------------------------------
     0 | D:1      | sanka the Palentonga Fighter began the quest for the Orb.
     0 | D:1      | Reached XP level 1. HP: 19/19 MP: 1/1
   326 | D:1      | Found Rapp's Assorted Antiques.
   354 | D:1      | Reached XP level 2. HP: 22/25 MP: 2/2
   980 | D:2      | Reached XP level 3. HP: 29/31 MP: 3/3
  1192 | D:5      | Entered Level 5 of the Dungeon
  1203 | D:4      | Reached skill level 3 in Axes
  1328 | D:3      | Found a faded altar of an unknown god.
  1348 | D:3      | Noticed Natasha
  1363 | D:3      | Killed Natasha
  1364 | D:3      | Reached skill level 4 in Fighting
  1372 | D:3      | Reached XP level 4. HP: 39/39 MP: 4/4
  1375 | D:3      | Noticed Natasha
  1386 | D:3      | Killed Natasha
  1512 | D:3      | Reached skill level 4 in Axes
  1512 | D:3      | Reached XP level 5. HP: 46/46 MP: 5/5
  1579 | D:1      | Bought a bound ruby amulet for 130 gold pieces
  1579 | D:1      | Identified the amulet "Curif Hoanwa" {Acrobat Harm rC-}
                  | (You bought it in a shop on level 1 of the Dungeon)
  1773 | D:5      | Reached skill level 5 in Fighting
  1921 | D:3      | Noticed Natasha
  2038 | D:3      | Killed Natasha
  2039 | D:3      | Reached XP level 6. HP: 38/54 MP: 6/6
  2239 | D:3      | Reached skill level 5 in Axes
  2264 | D:3      | Noticed Ijyb
  2270 | D:3      | Killed Ijyb
  2617 | D:4      | Found a staircase to the Ecumenical Temple.
  2623 | Temple   | Entered the Ecumenical Temple
  2683 | Temple   | Became a worshipper of Warmaster Okawaru
  3139 | D:5      | Found a runed translucent door.
  3140 | D:5      | Noticed Crazy Yiuf
  3488 | D:6      | Reached skill level 6 in Fighting
  3538 | D:6      | Gained mutation: You curl defensively after being hit.
                  | [Palentonga growth]
  3538 | D:6      | Reached XP level 7. HP: 57/62 MP: 7/7
  3558 | D:6      | Noticed a two-headed ogre
  3649 | D:6      | Reached skill level 6 in Axes
  3737 | D:6      | Reached * piety under Okawaru
  3831 | D:6      | Found a radiant altar of Vehumet.
  3839 | D:6      | Reached skill level 1 in Invocations
  3840 | D:6      | Reached skill level 2 in Invocations
  3852 | D:6      | Reached skill level 3 in Invocations
  3923 | D:9      | Noticed a steam dragon
  3938 | D:9      | HP: 1/63 [something/ball of steam (18)]
  3939 | D:9      | Engulfed by a steam dragon's steam

Vanquished Creatures
  A black bear (D:6)
  A phantom (D:6)
  A water moccasin zombie (D:6)
  2 scorpions
  A water moccasin skeleton (D:6)
  A bullfrog zombie (D:6)
  A bullfrog skeleton (D:4)
  4 hounds
  A jelly (D:6)
  An iguana (D:5)
  An orc wizard (D:6)
  Ijyb (D:3)
  Natasha (thrice) (D:3)
  3 adders
  4 gnolls (D:3)
  2 white imps (D:6)
  An ufetubus (D:4)
  An adder zombie (D:5)
  An adder skeleton (D:4)
  A worm (D:5)
  A dart slug (D:2)
  12 orcs
  7 endoplasms
  2 giant cockroaches
  3 hobgoblins
  8 jackals
  A quokka (D:1)
  3 ball pythons
  4 bats
  3 frilled lizards
  8 goblins
  8 kobolds
  4 rats
96 creatures vanquished.
